 Dungeon Crawl Stone Soup version 0.31-a0-236-g9a0961fb85 (webtiles) character file.

Game seed: 3871345318525268721

88 Nietzsche the Cudgeller (level 4, -6/33 (34) HPs)
             Began as a Demonspawn Reaver on July 10, 2023.
             Mangled by an ogre
             ... wielding a +0 giant spiked club
              (24 damage)
             ... on level 3 of the Dungeon.
             The game lasted 00:05:39 (2390 turns).

Nietzsche the Cudgeller (Demonspawn Reaver)         Turns: 2390, Time: 00:05:40

HP:   -6/33 (34)    AC:  3    Str: 13    XL:     4   Next: 30%
MP:   7/7           EV: 11    Int: 16    God:
Gold: 80            SH:  4    Dex: 11    Spells: 6/7 levels left

rFire   . . .        a - +0 mace
rCold   . . .        (no shield)
rNeg    . . .        b - +0 leather armour
rPois   .            (helmet restricted)
rElec   .            (no cloak)
rCorr   .            (no gloves)
SInv    .            (no boots)
Will    .....        (no amulet)
Stlth   +            (no ring)
HPRegen 0.25/turn    (no ring)
MPRegen 0.10/turn

%: no passive effects
@: lightly drained
A: antennae 1, condensation shield
a: no special abilities


You were on level 3 of the Dungeon.
You visited 1 branch of the dungeon, and saw 3 of its levels.

You collected 80 gold pieces.

Inventory:

Hand Weapons
 a - a +0 mace (weapon)
 c - a +3 antimagic dagger
 d - a +1 dagger of electrocution
 n - a +0 trident
Armour
 b - a +0 leather armour (worn)
Scrolls
 f - a scroll of poison {unknown}
 g - 2 scrolls of enchant armour {unknown}
 h - a scroll of fear {unknown}
 j - a scroll of teleportation {unknown}
 l - 3 scrolls of amnesia
 o - a scroll of vulnerability {unknown}
Potions
 e - a potion of haste {unknown}
 i - a potion of curing
 m - a potion of might {unknown}


   Skills:
 + Level 2.5 Fighting
 + Level 3.6 Maces & Flails
 - Level 0.2 Armour
 + Level 2.1 Dodging
 - Level 0.2 Stealth
 * Level 2.3 Spellcasting
 + Level 3.3 Conjurations
 * Level 0.6 Necromancy


You had 6 spell levels left.
You knew the following spells:

 Your Spells              Type           Power      Damage    Failure   Level
a - Kiss of Death         Conj/Necr      32%        2d7       12%         1

Your spell library contained the following spells:

 Spells                   Type           Power      Damage    Failure   Level
 Momentum Strike          Conj/Tloc      14%        3d8       21%         2
 Hailstorm                Conj/Ice       7%         3d4       36%         3


Dungeon Overview and Level Annotations

Branches:
Dungeon (3/15)

Altars:

Shops:
D:3 (


Innate Abilities, Weirdness & Mutations

You have a pair of small antennae on your head.
A meltable shield of frost defends you. (SH +4)


Message History

The goblin attacks as you move away! The goblin closely misses you.
The goblin attacks as you move away!
The goblin hits you with a +2 dagger of venom.
You are more poisoned.
You feel very sick.
You feel very sick.
You feel very sick.
You hit the goblin.
You kill the goblin!
You feel sick.
You hit the goblin.
You kill the goblin!
You feel sick.
You feel sick. The ogre closely misses you.
Things that are here:
a +0 dagger; a +2 dagger of venom; a goblin corpse You completely miss the ogre.
You feel sick. You block the ogre's attack.
You feel better.
You sock the ogre!
The ogre is moderately wounded.
The ogre closely misses you.
You hit the ogre.
The ogre is heavily wounded.
The ogre closely misses you.
You sock the ogre!
The ogre is severely wounded.
The ogre hits you with a +0 giant spiked club!
Ouch! That really hurt!
* * * LOW HITPOINT WARNING * * *
You feel much better.
The ogre hits you with a +0 giant spiked club!
* * * LOW HITPOINT WARNING * * *
You feel much better.
You hit the ogre.
The ogre is severely wounded.
The ogre hits you with a +0 giant spiked club!
You hit the ogre but do no damage.
The ogre is severely wounded.
The ogre hits you with a +0 giant spiked club!!
Ouch! That really hurt!
You die...

.....########
...........^#
......#####.#
#...#.# #.#
...##.# #.#
#### ###
#####.# #.#
#g.#g..# #.#
#.####gg)O..#
#.#
#...##O##g((#
#.#######.##@#
###
...........#
#######.####
#.# #.# #.#
... ... ...


You could see an ogre and 3 goblins.

Vanquished Creatures
  3 adders (D:2)
  2 worms (D:2)
  2 dart slugs
  7 ball pythons
  4 endoplasms
  3 giant cockroaches (D:1)
  8 goblins
  5 hobgoblins
  4 kobolds
  A quokka (D:1)
  3 bats
  6 rats
48 creatures vanquished.

Notes
Turn   | Place    | Note
-------+----------+-------------------------------------------
     0 | D:1      | Nietzsche the Demonspawn Reaver began the quest for the
                  | Orb.
     0 | D:1      | Reached XP level 1. HP: 16/16 MP: 3/3
   161 | D:1      | Gained mutation: You have a pair of small antennae on your
                  | head. [demonic ancestry]
   161 | D:1      | Reached XP level 2. HP: 22/22 MP: 5/5
  1060 | D:2      | Reached XP level 3. HP: 18/28 MP: 6/6
  1766 | D:2      | Gained mutation: A meltable shield of frost defends you.
                  | (SH +4) [demonic ancestry]
  1766 | D:2      | Reached XP level 4. HP: 15/32 MP: 7/7
  2253 | D:3      | Found Rynigrof's Weapon Boutique.
  2368 | D:3      | Noticed an ogre
  2390 | D:3      | Mangled by an ogre

Illustrated notes

Levels and vault maps discovered:
D:1:      tekkud_arrival_beachfront_property, layout_loops_ring
D:2:      layout_loops_corners
D:3:      layout_loops_ring, nicolae_qazlal_scattered_showers, serial_shops,
          nicolae_shop_bloodbath_and_beyond, chequers_decorated_corner,
          minmay_ogre_servants

Skill      XL: |  1  2  3 |
---------------+----------+-----
Maces & Flails | 3 |  3.6
Dodging        | 2 |  2.1
Fighting       | |  2.5
Armour         | |  0.2
Stealth        | |  0.2
Spellcasting   | |  2.3
Conjurations   | |  3.3
Necromancy     | |  0.6

Action                     |  1- 3 |  4- 6 || total
---------------------------+-------+-------++-------
  Melee: Mace              |   134 |    28 ||   162
         Punch             |     1 |       ||     1
   Cast: Kiss of Death     |     1 |       ||     1
    Use: Scroll            |     1 |     2 ||     3
         Potion            |       |     3 ||     3
   Stab: Sleeping          |     3 |       ||     3
 Armour: Leather armour    |    44 |     3 ||    47
  Dodge: Dodged            |    95 |    13 ||   108
  Block: Other             |       |     4 ||     4

Table legend: (Time is in decaauts)
 A = Elapsed time spent in this place.
 B = Non-inter-level travel time spent in this place.
 C = Inter-level travel time spent in this place.
 D = Time resting spent in this place.
 E = Time spent auto-exploring this place.
 F = Levels seen in this place.
 G = Mean time per level.
                   A        B        C        D        E       F      G
               +--------+--------+--------+--------+--------+-----+--------+
         Total |   2444 |   2394 |     50 |      0 |   1852 |   3 |  814.7 |
       Dungeon |   2444 |   2394 |     50 |      0 |   1852 |   3 |  814.7 |
               +--------+--------+--------+--------+--------+-----+--------+

Top non-repeatable levels by time:
     D:2: 1260 daAuts
     D:1: 995 daAuts
     D:3: 188 daAuts
